[ PARTIDA AOE2 · #495793355 ]
UnrankedTurcos vs Chinese
[ ANÁLISIS DE REPETICIÓN · EXTRAÍDO DE LA PARTIDA GRABADA ]
Feudal
11:24
Castillos
15:20
Imperial
32:03
| APM promedio | 28.0 |
| APM pico | 65 |
| eAPM promedio | 19.7 |
| Aldeanos / militares | 164 / 331 |
Foco
⚔️ 36.8% · 🌾 63.2%
Hand Cannoneer ×246 · Janissary ×60 · Bombard Cannon ×17 · Monk ×5 · Petard ×3
Feudal
9:26
Castillos
13:32
Imperial
47:02
| APM promedio | 30.3 |
| APM pico | 82 |
| eAPM promedio | 17.6 |
| Aldeanos / militares | 144 / 78 |
Foco
⚔️ 22.5% · 🌾 77.5%
Chu Ko Nu ×73 · Scout Cavalry ×4 · Monk ×1
Feudal
10:31
Castillos
14:24
Imperial
—
| APM promedio | 58.5 |
| APM pico | 113 |
| eAPM promedio | 26.1 |
| Aldeanos / militares | 103 / 270 |
Foco
⚔️ 42.3% · 🌾 57.7%
Konnik ×243 · Battering Ram ×23 · Monk ×2 · Petard ×2
Feudal
10:37
Castillos
15:08
Imperial
34:58
| APM promedio | 35.2 |
| APM pico | 64 |
| eAPM promedio | 13.3 |
| Aldeanos / militares | 114 / 8 |
Foco
⚔️ 33.1% · 🌾 66.9%
Unknown (1952) ×271 · Unknown (1942) ×8 · Spearman ×4 · Monk ×3 · Militia ×1
Mapa de la partida
Recursos iniciales + cada clic de construcción. Líneas = muros · curvas = relieve. ◆ oro · ⬟ piedra · ● bayas · ✦ reliquia · ◌ hueco del cierre
Tu base· ✓ Cerrada en 15:20 · 0t muro · 2 puerta(s)
Base de Netter-Zug· ✓ Cerrada en 13:32 · 0t muro · 2 puerta(s)
Base de LRNI_altoguiso· ✓ Cerrada en 14:24 · 2t muro · 2 puerta(s)
Base de Haegar der Schreckliche· ✓ Cerrada en 15:08 · 0t muro · 2 puerta(s)
Terreno inicial suavizado · ◌ = hueco del cierre detectado · pasá el cursor para detalles
Inputs por minuto
— LRNI_robotech - - Netter-Zug
Build order — LRNI_robotech
Primeras 150 de 465 acciones detectadas
| 0:00 | Crear | Villager (Male) |
| 0:01 | Crear | Villager (Male) |
| 0:01 | Crear | Villager (Male) |
| 0:02 | Construir | House |
| 0:03 | Construir | House |
| 0:04 | Crear | Villager (Male) |
| 1:30 | Crear | Villager (Male) |
| 1:51 | Crear | Villager (Male) |
| 1:52 | Crear | Villager (Male) |
| 1:57 | Construir | Lumber Camp |
| 2:51 | Crear | Villager (Male) |
| 2:51 | Crear | Villager (Male) |
| 3:08 | Crear | Villager (Male) |
| 3:50 | Construir | House |
| 3:54 | Crear | Villager (Male) |
| 3:54 | Crear | Villager (Male) |
| 4:42 | Crear | Villager (Male) |
| 4:42 | Crear | Villager (Male) |
| 4:43 | Crear | Villager (Male) |
| 4:59 | Construir | House |
| 5:05 | Construir | House |
| 5:16 | Crear | Villager (Male) |
| 5:16 | Crear | Villager (Male) |
| 5:17 | Crear | Villager (Male) |
| 5:28 | Construir | Mill |
| 6:09 | Crear | Villager (Male) |
| 6:42 | Crear | Villager (Male) |
| 7:26 | Crear | Villager (Male) |
| 7:56 | Construir | Mining Camp |
| 7:57 | Crear | Villager (Male) |
| 8:19 | Crear | Villager (Male) |
| 8:28 | Construir | Mining Camp |
| 8:47 | Crear | Villager (Male) |
| 9:14 | Investigar | Feudal Age |
| 10:59 | Crear | Villager (Male) |
| 11:02 | Crear | Villager (Male) |
| 11:24 | Edad | Edad Feudal |
| 11:30 | Construir | Market |
| 11:34 | Construir | Blacksmith |
| 12:40 | Investigar | Castle Age |
| 14:26 | Construir | Farm |
| 14:26 | Construir | Farm |
| 14:38 | Construir | Farm |
| 14:39 | Construir | Farm |
| 15:10 | Crear | Villager (Male) |
| 15:11 | Crear | Villager (Male) |
| 15:20 | Edad | Edad de los Castillos |
| 15:27 | Construir | Castle |
| 15:31 | Investigar | Double-Bit Axe |
| 15:34 | Investigar | Horse Collar |
| 15:48 | Construir | Farm |
| 16:01 | Crear | Villager (Male) |
| 16:01 | Crear | Villager (Male) |
| 16:14 | Construir | Farm |
| 16:15 | Construir | Farm |
| 16:15 | Construir | Farm |
| 16:15 | Construir | Farm |
| 16:16 | Construir | Farm |
| 16:17 | Crear | Villager (Male) |
| 16:43 | Construir | House |
| 16:49 | Construir | Farm |
| 16:49 | Crear | Janissary |
| 16:50 | Crear | Janissary |
| 17:07 | Construir | House |
| 17:09 | Crear | Janissary |
| 17:14 | Construir | Farm |
| 17:19 | Construir | Farm |
| 17:30 | Crear | Villager (Male) |
| 17:43 | Construir | Farm |
| 17:44 | Crear | Villager (Male) |
| 17:48 | Construir | Farm |
| 17:50 | Crear | Villager (Male) |
| 17:53 | Construir | House |
| 17:57 | Construir | Farm |
| 18:01 | Construir | Farm |
| 18:06 | Crear | Janissary |
| 18:11 | Construir | Farm |
| 18:19 | Crear | Villager (Male) |
| 18:21 | Construir | Farm |
| 18:22 | Crear | Villager (Male) |
| 18:28 | Crear | Janissary |
| 18:33 | Construir | Farm |
| 18:36 | Construir | House |
| 18:45 | Crear | Petard |
| 18:45 | Crear | Petard |
| 18:50 | Crear | Petard |
| 18:55 | Construir | House |
| 19:00 | Construir | Farm |
| 19:11 | Construir | Farm |
| 19:15 | Crear | Janissary |
| 19:18 | Crear | Villager (Male) |
| 19:20 | Construir | House |
| 19:22 | Crear | Villager (Male) |
| 19:41 | Construir | Farm |
| 19:45 | Crear | Janissary |
| 19:46 | Crear | Villager (Male) |
| 20:07 | Construir | House |
| 20:08 | Crear | Villager (Male) |
| 20:10 | Crear | Janissary |
| 20:23 | Crear | Villager (Male) |
| 20:23 | Crear | Villager (Male) |
| 20:26 | Construir | Farm |
| 20:27 | Crear | Villager (Male) |
| 20:27 | Crear | Villager (Male) |
| 20:39 | Crear | Villager (Male) |
| 20:40 | Crear | Villager (Male) |
| 21:02 | Crear | Villager (Male) |
| 21:02 | Crear | Villager (Male) |
| 21:26 | Crear | Villager (Male) |
| 21:26 | Crear | Villager (Male) |
| 21:33 | Construir | Town Center |
| 21:40 | Construir | House |
| 21:41 | Crear | Janissary |
| 21:42 | Crear | Janissary |
| 21:42 | Crear | Janissary |
| 21:46 | Crear | Villager (Male) |
| 21:47 | Crear | Villager (Male) |
| 22:08 | Crear | Villager (Male) |
| 22:10 | Construir | House |
| 22:27 | Crear | Janissary |
| 22:28 | Crear | Janissary |
| 23:06 | Crear | Janissary |
| 23:06 | Crear | Janissary |
| 23:24 | Crear | Villager (Male) |
| 23:24 | Crear | Villager (Male) |
| 23:28 | Construir | Farm |
| 23:28 | Construir | Farm |
| 23:28 | Construir | Farm |
| 23:29 | Construir | Farm |
| 23:30 | Construir | Farm |
| 23:31 | Crear | Villager (Male) |
| 23:31 | Crear | Villager (Male) |
| 23:32 | Crear | Villager (Male) |
| 23:34 | Construir | House |
| 23:36 | Construir | House |
| 23:52 | Crear | Villager (Male) |
| 23:52 | Crear | Villager (Male) |
| 23:56 | Construir | Farm |
| 23:56 | Construir | Farm |
| 23:57 | Construir | Farm |
| 23:59 | Construir | Farm |
| 24:46 | Crear | Villager (Male) |
| 24:51 | Construir | Farm |
| 24:51 | Construir | Farm |
| 24:52 | Crear | Janissary |
| 24:52 | Crear | Janissary |
| 24:53 | Crear | Janissary |
| 24:53 | Crear | Janissary |
| 25:02 | Crear | Villager (Male) |
| 25:02 | Crear | Villager (Male) |
Build order — Netter-Zug
Primeras 150 de 392 acciones detectadas
| 0:42 | Crear | Villager (Male) |
| 0:43 | Crear | Villager (Male) |
| 1:11 | Crear | Villager (Male) |
| 1:15 | Construir | Lumber Camp |
| 1:34 | Crear | Villager (Male) |
| 1:58 | Crear | Villager (Male) |
| 1:59 | Crear | Villager (Male) |
| 2:25 | Investigar | Loom |
| 2:30 | Crear | Villager (Male) |
| 2:31 | Crear | Villager (Male) |
| 3:00 | Crear | Villager (Male) |
| 3:23 | Crear | Villager (Male) |
| 3:23 | Crear | Villager (Male) |
| 3:27 | Construir | House |
| 3:45 | Crear | Villager (Male) |
| 3:57 | Construir | Mill |
| 4:30 | Crear | Villager (Male) |
| 4:31 | Crear | Villager (Male) |
| 4:31 | Crear | Villager (Male) |
| 5:20 | Construir | House |
| 5:30 | Crear | Villager (Male) |
| 5:31 | Crear | Villager (Male) |
| 6:26 | Crear | Villager (Male) |
| 6:26 | Crear | Villager (Male) |
| 7:15 | Investigar | Feudal Age |
| 7:23 | Construir | Mining Camp |
| 8:27 | Crear | Villager (Male) |
| 8:28 | Crear | Villager (Male) |
| 9:26 | Edad | Edad Feudal |
| 9:29 | Construir | Market |
| 10:00 | Construir | Blacksmith |
| 10:16 | Crear | Villager (Male) |
| 10:52 | Investigar | Castle Age |
| 11:33 | Construir | Lumber Camp |
| 11:56 | Construir | House |
| 12:03 | Investigar | Double-Bit Axe |
| 12:07 | Investigar | Horse Collar |
| 13:15 | Crear | Villager (Male) |
| 13:17 | Construir | Farm |
| 13:18 | Construir | Farm |
| 13:18 | Construir | Farm |
| 13:18 | Construir | Farm |
| 13:18 | Construir | Farm |
| 13:32 | Edad | Edad de los Castillos |
| 13:35 | Construir | Town Center |
| 13:55 | Crear | Villager (Male) |
| 14:09 | Construir | House |
| 14:22 | Construir | Farm |
| 14:23 | Construir | Farm |
| 14:25 | Crear | Villager (Male) |
| 14:25 | Crear | Villager (Male) |
| 14:28 | Construir | Farm |
| 14:54 | Crear | Villager (Male) |
| 14:54 | Crear | Villager (Male) |
| 15:01 | Construir | Farm |
| 15:02 | Crear | Villager (Male) |
| 15:03 | Crear | Villager (Male) |
| 15:09 | Construir | Farm |
| 15:25 | Crear | Villager (Male) |
| 15:27 | Construir | Farm |
| 15:40 | Crear | Villager (Male) |
| 15:52 | Crear | Villager (Male) |
| 15:54 | Construir | Farm |
| 16:08 | Construir | Farm |
| 16:13 | Crear | Villager (Male) |
| 16:14 | Crear | Villager (Male) |
| 16:18 | Construir | Farm |
| 16:26 | Construir | Barracks |
| 16:29 | Crear | Villager (Male) |
| 16:32 | Construir | Farm |
| 16:34 | Crear | Villager (Male) |
| 16:42 | Construir | Farm |
| 16:56 | Investigar | Bow Saw |
| 16:57 | Investigar | Bow Saw |
| 17:11 | Crear | Villager (Male) |
| 17:13 | Construir | Farm |
| 17:22 | Crear | Villager (Male) |
| 17:22 | Crear | Villager (Male) |
| 17:36 | Construir | Farm |
| 17:41 | Crear | Villager (Male) |
| 17:41 | Crear | Villager (Male) |
| 18:04 | Crear | Villager (Male) |
| 18:04 | Crear | Villager (Male) |
| 18:06 | Construir | Farm |
| 18:24 | Crear | Villager (Male) |
| 18:25 | Crear | Villager (Male) |
| 18:27 | Construir | Farm |
| 18:33 | Construir | Town Center |
| 18:38 | Crear | Villager (Male) |
| 18:57 | Construir | Stable |
| 18:58 | Crear | Villager (Male) |
| 19:00 | Investigar | Wheelbarrow |
| 19:15 | Investigar | Heavy Plow |
| 19:15 | Investigar | Heavy Plow |
| 19:16 | Crear | Villager (Male) |
| 19:16 | Crear | Villager (Male) |
| 19:26 | Crear | Villager (Male) |
| 19:36 | Construir | House |
| 19:38 | Construir | House |
| 19:39 | Crear | Villager (Male) |
| 19:41 | Construir | Farm |
| 19:51 | Construir | Mining Camp |
| 19:54 | Crear | Villager (Male) |
| 19:55 | Crear | Villager (Male) |
| 20:10 | Crear | Villager (Male) |
| 20:12 | Crear | Villager (Male) |
| 20:12 | Crear | Villager (Male) |
| 20:16 | Construir | Farm |
| 20:25 | Crear | Villager (Male) |
| 20:27 | Construir | Farm |
| 20:41 | Crear | Villager (Male) |
| 20:43 | Construir | Farm |
| 21:01 | Crear | Scout Cavalry |
| 21:02 | Crear | Scout Cavalry |
| 21:02 | Crear | Scout Cavalry |
| 21:02 | Crear | Scout Cavalry |
| 21:18 | Construir | House |
| 21:41 | Crear | Villager (Male) |
| 21:41 | Crear | Villager (Male) |
| 21:41 | Crear | Villager (Male) |
| 21:42 | Crear | Villager (Male) |
| 21:42 | Crear | Villager (Male) |
| 21:42 | Crear | Villager (Male) |
| 21:42 | Crear | Villager (Male) |
| 22:02 | Construir | Farm |
| 22:03 | Construir | Farm |
| 22:42 | Construir | Castle |
| 23:08 | Crear | Villager (Male) |
| 23:09 | Crear | Villager (Male) |
| 23:09 | Crear | Villager (Male) |
| 23:09 | Crear | Villager (Male) |
| 23:10 | Crear | Villager (Male) |
| 23:10 | Crear | Villager (Male) |
| 23:10 | Crear | Villager (Male) |
| 23:57 | Construir | Stone Wall |
| 24:02 | Construir | Stone Wall |
| 24:06 | Construir | Stone Wall |
| 24:09 | Construir | Stone Wall |
| 24:21 | Crear | Villager (Male) |
| 24:21 | Crear | Villager (Male) |
| 24:22 | Crear | Villager (Male) |
| 24:42 | Construir | Market |
| 24:58 | Investigar | Loom |
| 24:58 | Investigar | Loom |
| 25:09 | Crear | Villager (Male) |
| 25:10 | Crear | Villager (Male) |
| 25:11 | Crear | Villager (Male) |
| 25:11 | Crear | Villager (Male) |
| 25:14 | Crear | Chu Ko Nu |
| 25:15 | Crear | Chu Ko Nu |
Build order — LRNI_altoguiso
Primeras 150 de 503 acciones detectadas
| 0:01 | Crear | Villager (Male) |
| 0:01 | Crear | Villager (Male) |
| 0:02 | Construir | House |
| 0:03 | Construir | House |
| 0:08 | Crear | Villager (Male) |
| 0:08 | Crear | Villager (Male) |
| 1:15 | Crear | Villager (Male) |
| 1:15 | Crear | Villager (Male) |
| 1:52 | Crear | Villager (Male) |
| 1:52 | Crear | Villager (Male) |
| 1:58 | Construir | Lumber Camp |
| 2:16 | Crear | Villager (Male) |
| 2:32 | Crear | Villager (Male) |
| 3:05 | Crear | Villager (Male) |
| 3:05 | Crear | Villager (Male) |
| 3:31 | Crear | Villager (Male) |
| 3:31 | Crear | Villager (Male) |
| 3:52 | Construir | House |
| 4:02 | Construir | House |
| 4:05 | Crear | Villager (Male) |
| 4:06 | Crear | Villager (Male) |
| 4:27 | Crear | Villager (Male) |
| 4:38 | Crear | Villager (Male) |
| 5:02 | Construir | Mill |
| 5:09 | Crear | Villager (Male) |
| 5:09 | Crear | Villager (Male) |
| 5:35 | Crear | Villager (Male) |
| 5:35 | Crear | Villager (Male) |
| 5:42 | Crear | Villager (Male) |
| 6:20 | Crear | Villager (Male) |
| 6:25 | Crear | Villager (Male) |
| 6:40 | Crear | Villager (Male) |
| 8:18 | Investigar | Feudal Age |
| 8:29 | Construir | Mining Camp |
| 9:27 | Construir | House |
| 9:28 | Construir | Palisade Wall |
| 10:31 | Edad | Edad Feudal |
| 10:33 | Crear | Villager (Male) |
| 10:35 | Construir | Blacksmith |
| 10:37 | Construir | Market |
| 10:59 | Crear | Villager (Male) |
| 11:44 | Investigar | Castle Age |
| 11:44 | Investigar | Castle Age |
| 12:02 | Construir | Mining Camp |
| 13:16 | Construir | Barracks |
| 13:19 | Investigar | Forging |
| 13:20 | Investigar | Forging |
| 14:14 | Construir | House |
| 14:21 | Construir | Stable |
| 14:22 | Crear | Villager (Male) |
| 14:24 | Edad | Edad de los Castillos |
| 14:33 | Construir | Krepost |
| 14:35 | Crear | Villager (Male) |
| 14:41 | Investigar | Double-Bit Axe |
| 14:41 | Investigar | Double-Bit Axe |
| 14:58 | Investigar | Loom |
| 15:01 | Construir | Farm |
| 15:04 | Construir | Farm |
| 15:07 | Construir | Farm |
| 15:08 | Crear | Villager (Male) |
| 15:18 | Construir | House |
| 15:22 | Construir | Farm |
| 15:37 | Construir | Farm |
| 16:12 | Crear | Konnik |
| 16:12 | Crear | Konnik |
| 16:12 | Crear | Konnik |
| 16:26 | Construir | Farm |
| 16:46 | Crear | Konnik |
| 17:03 | Construir | Town Center |
| 17:25 | Crear | Villager (Male) |
| 17:37 | Construir | Monastery |
| 17:52 | Crear | Konnik |
| 17:52 | Crear | Konnik |
| 18:12 | Crear | Monk |
| 18:27 | Construir | Farm |
| 18:42 | Crear | Konnik |
| 18:57 | Crear | Villager (Male) |
| 19:19 | Crear | Monk |
| 19:24 | Crear | Konnik |
| 19:25 | Crear | Konnik |
| 19:28 | Construir | Farm |
| 19:42 | Construir | Farm |
| 19:42 | Construir | Farm |
| 19:42 | Construir | Farm |
| 19:43 | Construir | Farm |
| 19:43 | Construir | Farm |
| 19:53 | Crear | Villager (Male) |
| 20:02 | Construir | Palisade Wall |
| 20:17 | Crear | Villager (Male) |
| 20:45 | Crear | Konnik |
| 20:46 | Crear | Konnik |
| 21:00 | Crear | Villager (Male) |
| 21:15 | Construir | Palisade Wall |
| 21:18 | Crear | Konnik |
| 21:18 | Crear | Konnik |
| 21:34 | Crear | Villager (Male) |
| 22:01 | Crear | Villager (Male) |
| 22:08 | Crear | Konnik |
| 22:08 | Crear | Konnik |
| 22:19 | Investigar | Scale Barding Armor |
| 22:39 | Construir | Krepost |
| 22:52 | Construir | Krepost |
| 22:54 | Crear | Villager (Male) |
| 23:08 | Crear | Konnik |
| 23:09 | Crear | Villager (Male) |
| 23:21 | Crear | Villager (Male) |
| 23:25 | Construir | Siege Workshop |
| 23:28 | Investigar | Iron Casting |
| 23:29 | Investigar | Iron Casting |
| 23:30 | Crear | Konnik |
| 23:31 | Crear | Konnik |
| 23:36 | Construir | Farm |
| 23:36 | Construir | Farm |
| 23:54 | Crear | Konnik |
| 23:55 | Crear | Konnik |
| 23:55 | Crear | Villager (Male) |
| 23:56 | Crear | Villager (Male) |
| 24:28 | Crear | Villager (Male) |
| 24:33 | Crear | Petard |
| 24:33 | Crear | Petard |
| 25:20 | Construir | Krepost |
| 25:42 | Crear | Villager (Male) |
| 25:46 | Crear | Villager (Male) |
| 25:55 | Construir | Krepost |
| 26:00 | Crear | Battering Ram |
| 26:00 | Crear | Battering Ram |
| 26:05 | Investigar | Chain Barding Armor |
| 26:05 | Investigar | Chain Barding Armor |
| 26:06 | Crear | Villager (Male) |
| 26:21 | Crear | Villager (Male) |
| 26:25 | Investigar | Fletching |
| 26:25 | Investigar | Fletching |
| 26:31 | Crear | Konnik |
| 26:31 | Crear | Konnik |
| 27:18 | Crear | Konnik |
| 27:19 | Crear | Konnik |
| 27:19 | Crear | Konnik |
| 27:23 | Crear | Villager (Male) |
| 27:31 | Construir | Lumber Camp |
| 27:43 | Crear | Battering Ram |
| 27:43 | Crear | Battering Ram |
| 27:47 | Crear | Konnik |
| 27:47 | Crear | Konnik |
| 27:52 | Construir | Farm |
| 28:12 | Crear | Villager (Male) |
| 28:22 | Crear | Konnik |
| 28:22 | Crear | Konnik |
| 28:28 | Crear | Battering Ram |
| 28:28 | Crear | Battering Ram |
| 28:31 | Crear | Villager (Male) |
Build order — Haegar der Schreckliche
Primeras 150 de 333 acciones detectadas
| 0:01 | Crear | Villager (Male) |
| 0:01 | Crear | Villager (Male) |
| 0:01 | Crear | Villager (Male) |
| 0:02 | Construir | House |
| 0:04 | Construir | House |
| 0:21 | Crear | Villager (Male) |
| 0:21 | Crear | Villager (Male) |
| 1:33 | Crear | Villager (Male) |
| 1:56 | Crear | Villager (Male) |
| 2:11 | Construir | Lumber Camp |
| 2:30 | Crear | Villager (Male) |
| 2:57 | Crear | Villager (Male) |
| 3:20 | Crear | Villager (Male) |
| 3:25 | Construir | House |
| 3:47 | Crear | Villager (Male) |
| 4:24 | Crear | Villager (Male) |
| 4:42 | Crear | Villager (Male) |
| 4:57 | Crear | Villager (Male) |
| 5:01 | Construir | Mill |
| 5:28 | Crear | Villager (Male) |
| 5:53 | Crear | Villager (Male) |
| 6:03 | Construir | House |
| 6:14 | Crear | Villager (Male) |
| 6:32 | Construir | House |
| 6:49 | Crear | Villager (Male) |
| 7:31 | Crear | Villager (Male) |
| 8:02 | Crear | Villager (Male) |
| 8:11 | Construir | Mining Camp |
| 8:24 | Investigar | Feudal Age |
| 8:59 | Construir | Barracks |
| 10:37 | Edad | Edad Feudal |
| 10:44 | Construir | Market |
| 10:45 | Crear | Villager (Male) |
| 11:15 | Crear | Villager (Male) |
| 11:46 | Construir | Blacksmith |
| 11:54 | Crear | Villager (Male) |
| 12:28 | Investigar | Castle Age |
| 12:33 | Construir | House |
| 12:38 | Construir | House |
| 13:19 | Construir | Archery Range |
| 13:31 | Investigar | Double-Bit Axe |
| 14:01 | Investigar | Horse Collar |
| 14:37 | Crear | Militia |
| 15:08 | Edad | Edad de los Castillos |
| 15:11 | Crear | Unit 1952 |
| 15:12 | Crear | Unit 1952 |
| 15:18 | Construir | Monastery |
| 15:19 | Crear | Villager (Male) |
| 15:20 | Crear | Villager (Male) |
| 15:20 | Crear | Villager (Male) |
| 15:48 | Crear | Unit 1952 |
| 15:55 | Construir | Lumber Camp |
| 15:56 | Construir | Farm |
| 15:58 | Construir | Farm |
| 16:08 | Crear | Monk |
| 16:09 | Crear | Monk |
| 16:25 | Construir | Farm |
| 16:26 | Crear | Villager (Male) |
| 16:26 | Crear | Villager (Male) |
| 16:26 | Crear | Villager (Male) |
| 16:37 | Crear | Unit 1952 |
| 16:48 | Crear | Villager (Male) |
| 16:57 | Construir | Farm |
| 17:03 | Crear | Unit 1952 |
| 17:20 | Construir | Farm |
| 17:27 | Construir | House |
| 17:29 | Construir | House |
| 17:35 | Crear | Unit 1952 |
| 17:35 | Crear | Unit 1952 |
| 17:43 | Construir | Farm |
| 17:44 | Crear | Villager (Male) |
| 18:14 | Crear | Unit 1952 |
| 18:14 | Crear | Unit 1952 |
| 18:40 | Crear | Villager (Male) |
| 18:40 | Crear | Villager (Male) |
| 18:40 | Crear | Villager (Male) |
| 18:44 | Construir | Town Center |
| 19:16 | Construir | Town Center |
| 19:21 | Crear | Villager (Male) |
| 19:32 | Construir | Farm |
| 19:43 | Investigar | Fletching |
| 19:48 | Crear | Unit 1952 |
| 19:48 | Crear | Unit 1952 |
| 19:48 | Crear | Unit 1952 |
| 19:49 | Crear | Unit 1952 |
| 19:49 | Crear | Unit 1952 |
| 19:49 | Crear | Unit 1952 |
| 20:04 | Construir | Farm |
| 20:06 | Crear | Villager (Male) |
| 20:41 | Construir | House |
| 20:44 | Crear | Villager (Male) |
| 20:44 | Crear | Villager (Male) |
| 20:47 | Construir | Farm |
| 20:49 | Crear | Villager (Male) |
| 20:49 | Crear | Villager (Male) |
| 21:31 | Construir | Farm |
| 21:35 | Investigar | Padded Archer Armor |
| 21:38 | Construir | Archery Range |
| 22:15 | Crear | Unit 1952 |
| 22:15 | Crear | Unit 1952 |
| 22:16 | Crear | Unit 1952 |
| 22:16 | Crear | Unit 1952 |
| 22:22 | Investigar | Leather Archer Armor |
| 22:24 | Construir | Farm |
| 22:29 | Crear | Unit 1952 |
| 22:29 | Crear | Unit 1952 |
| 23:31 | Crear | Unit 1952 ×5 |
| 23:32 | Crear | Unit 1952 ×5 |
| 23:32 | Crear | Unit 1952 ×5 |
| 23:38 | Crear | Villager (Male) |
| 23:38 | Crear | Villager (Male) |
| 23:38 | Crear | Villager (Male) |
| 23:38 | Crear | Villager (Male) |
| 23:39 | Crear | Villager (Male) |
| 23:39 | Crear | Villager (Male) |
| 24:34 | Investigar | Bodkin Arrow |
| 24:38 | Construir | Farm |
| 24:38 | Construir | Farm |
| 24:59 | Crear | Villager (Male) |
| 24:59 | Crear | Villager (Male) |
| 25:00 | Crear | Villager (Male) |
| 25:00 | Crear | Villager (Male) |
| 25:06 | Investigar | Loom |
| 25:09 | Construir | Farm |
| 25:10 | Construir | Farm |
| 25:13 | Construir | House |
| 25:15 | Crear | Villager (Male) |
| 25:15 | Crear | Villager (Male) |
| 25:48 | Crear | Unit 1952 ×5 |
| 25:48 | Crear | Unit 1952 ×5 |
| 25:48 | Crear | Unit 1952 ×5 |
| 25:48 | Crear | Unit 1952 |
| 25:56 | Construir | University |
| 25:59 | Construir | Farm |
| 26:01 | Investigar | Heavy Plow |
| 26:16 | Investigar | Bow Saw |
| 26:22 | Construir | House |
| 26:23 | Construir | House |
| 27:32 | Construir | Farm |
| 27:34 | Construir | Farm |
| 27:37 | Investigar | Thumb Ring |
| 27:38 | Crear | Unit 1952 ×3 |
| 27:38 | Crear | Unit 1952 ×3 |
| 27:42 | Crear | Villager (Male) |
| 27:43 | Crear | Villager (Male) |
| 27:43 | Crear | Villager (Male) |
| 27:43 | Crear | Villager (Male) |
| 27:46 | Construir | Farm |
| 28:32 | Crear | Villager (Male) |
| 28:33 | Crear | Villager (Male) |
Cronología de la partida
| 8:59 | Haegar der Schreckliche · first_building Barracks |
| 9:26 | Netter-Zug · age_up feudal |
| 9:28 | LRNI_altoguiso · wall_segment Palisade Wall x2 |
| 10:31 | LRNI_altoguiso · age_up feudal |
| 10:37 | Haegar der Schreckliche · age_up feudal |
| 10:50 | Netter-Zug · first_market_sell 100 stone |
| 10:51 | Netter-Zug · first_market_buy 100 food |
| 11:24 | LRNI_robotech · age_up feudal |
| 11:34 | LRNI_altoguiso · first_market_buy 100 food |
| 11:35 | LRNI_altoguiso · first_market_sell 100 wood |
| 13:16 | LRNI_altoguiso · first_building Barracks |
| 13:19 | Haegar der Schreckliche · first_building Archery Range |
| 13:32 | Netter-Zug · age_up castle |
| 14:21 | LRNI_altoguiso · first_building Stable |
| 14:24 | LRNI_altoguiso · age_up castle |
| 14:33 | LRNI_altoguiso · first_building Krepost |
| 15:08 | Haegar der Schreckliche · age_up castle |
| 15:18 | Haegar der Schreckliche · first_building Monastery |
| 15:20 | LRNI_robotech · age_up castle |
| 15:27 | LRNI_robotech · first_building Castle |
| 16:26 | Netter-Zug · first_building Barracks |
| 17:37 | LRNI_altoguiso · first_building Monastery |
| 18:57 | Netter-Zug · first_building Stable |
| 20:02 | LRNI_altoguiso · wall_segment Palisade Wall x1 |
| 21:15 | LRNI_altoguiso · wall_segment Palisade Wall x2 |
| 22:42 | Netter-Zug · first_building Castle |
| 23:25 | LRNI_altoguiso · first_building Siege Workshop |
| 23:57 | Netter-Zug · wall_segment Stone Wall x4 |
| 24:02 | Netter-Zug · wall_segment Stone Wall x2 |
| 24:06 | Netter-Zug · wall_segment Stone Wall x5 |
| 24:09 | Netter-Zug · wall_segment Stone Wall x3 |
| 24:57 | Haegar der Schreckliche · tribute_sent a jugador 1 |
| 24:57 | Haegar der Schreckliche · tribute_sent a jugador 2 |
| 24:57 | Haegar der Schreckliche · tribute_sent a jugador 4 |
| 27:20 | LRNI_robotech · first_market_sell 100 food |
| 28:23 | LRNI_robotech · first_building Siege Workshop |
| 28:57 | Haegar der Schreckliche · first_building Stable |
| 29:05 | Netter-Zug · first_building Siege Workshop |
| 31:08 | LRNI_robotech · first_building Barracks |
| 31:24 | Haegar der Schreckliche · first_market_buy 100 food |
| 31:58 | Haegar der Schreckliche · first_building Castle |
| 32:03 | LRNI_robotech · age_up imperial |
| 32:13 | LRNI_robotech · first_market_buy 100 wood |
| 32:37 | LRNI_robotech · first_building Archery Range |
| 34:58 | Haegar der Schreckliche · age_up imperial |
| 35:33 | Haegar der Schreckliche · first_building Siege Workshop |
| 36:06 | Haegar der Schreckliche · tribute_sent a jugador 1 |
| 36:06 | Haegar der Schreckliche · tribute_sent a jugador 2 |
| 36:06 | Haegar der Schreckliche · tribute_sent a jugador 4 |
| 41:10 | LRNI_altoguiso · first_building Archery Range |
| 43:32 | Haegar der Schreckliche · first_market_sell 500 stone |
| 44:27 | Netter-Zug · first_building Archery Range |
| 45:42 | Haegar der Schreckliche · wall_segment Stone Wall x8 |
| 47:02 | Netter-Zug · age_up imperial |
| 49:23 | LRNI_robotech · first_building Monastery |
| 50:14 | Netter-Zug · first_building Monastery |
| 54:04 | LRNI_robotech · first_building Stable |
| 58:32 | Netter-Zug · resign |
[ ANÁLISIS IA · 1 CRÉDITO ]
¿Qué pasó realmente en esta partida?
Wolo.gg analiza cada decisión: build order, eco, micro, errores típicos por bracket. Análisis personalizado por WhatsApp o Discord en 30 segundos.
Guía civ
Turcos
Perfil
Jugador #19222676